 Dungeon Crawl Stone Soup version 0.18.1-8-gdd0e5ea (webtiles) character file.

5672 Scarto the Skirmisher (level 10, -3/79 HPs)
             Began as a Demonspawn Berserker on May 25, 2016.
             Was an Elder of Trog.
             Slain by a catoblepas (11 damage)
             ... on level 9 of the Dungeon.
             The game lasted 00:21:07 (8687 turns).

Scarto the Skirmisher (Demonspawn Berserker)        Turns: 8687, Time: 00:21:07

Health: -3/79      AC: 15    Str: 21    XL:     10   Next: 47%
Magic:  0/19       EV:  2    Int:  9    God:    Trog [****..]
Gold:   373        SH:  0    Dex: 12    Spells: 0 memorised, 9 levels left

rFire  . . .     SeeInvis .     g - +3 mace
rCold  + . .     Gourm    .     v - +5 scale mail of Ipapt {*Corrode MR+ MP+9}
rNeg   + + +     Faith    .     t - +0 buckler
rPois  ∞         Spirit   +     (no helmet)
rElec  .         Dismiss  .     (no cloak)
rCorr  .         Reflect  .     (no gloves)
SustAt .         Harm     .     q - +2 pair of boots
MR     +....                    (no amulet)
Stlth  ..........               (no ring)
                                (no ring)

@: lethally poisoned (-3 -> -3), exhausted, petrified, corroded, slowed,
somewhat resistant to hostile enchantments, extremely unstealthy
A: icy blue scales 2, cold resistance 1, magic shield, freezing cloud immunity
a: Berserk, Trog's Hand, Brothers in Arms, Burn Spellbooks, Renounce Religion


You were on level 9 of the Dungeon.
You worshipped Trog.
Trog was greatly pleased with you.
You were very hungry.

You visited 1 branch of the dungeon, and saw 9 of its levels.

You collected 373 gold pieces.

Inventory:

Hand Weapons
 g - a +3 mace (weapon)
Missiles
 b - 2 tomahawks (quivered)
Armour
 q - a +2 pair of boots (worn)
 t - a +0 buckler (worn)
 v - the +5 scale mail of Ipapt (worn) {*Corrode MR+ MP+9}
   (You found it on level 5 of the Dungeon)

   It affects your resistance to hostile enchantments.
   It affects your magic capacity (+9).
   It may corrode you when you take damage.
Wands
 a - a wand of digging (12/24)
 c - a wand of disintegration (9/24)
Scrolls
 k - a scroll of magic mapping
 o - 6 scrolls of fog
 p - a scroll of blinking
Potions
 d - 2 potions of brilliance
 e - a potion of mutation {unknown}
 h - 2 potions of cure mutation
 l - 6 potions of curing
 m - a potion of agility {unknown}
 n - 2 potions of flight {unknown}
 r - a potion of invisibility {unknown}
 x - 2 potions of heal wounds
 z - a potion of resistance {unknown}
 A - 3 potions of haste {unknown}
Comestibles
 f - a beef jerky
 i - a royal jelly
 j - 2 slices of pizza
 s - 10 fruits
 u - 2 bread rations
 w - 2 meat rations


   Skills:
 + Level 7.4 Fighting
   Level 6.2(7.0) Axes
 + Level 4.8(6.3) Maces & Flails
 + Level 6.7 Armour
 + Level 6.8 Dodging
 + Level 4.9 Shields


You had 9 spell levels left.
You didn't know any spells.

Dungeon Overview and Level Annotations

Branches:
Dungeon (9/15)             Temple (0/1) D:6
   Lair: D:8-11         Orc: D:9-12

Altars:
Dithmenos
Fedhas
Makhleb
Pakellas
Qazlal
Ru
Sif Muna
Trog
Yredelemnul
Zin
The Shining One


Innate Abilities, Weirdness & Mutations

You are mostly covered in icy blue scales (AC +3, EV -1).
Your flesh is cold resistant.
When hurt, damage is shared between your health and your magic reserves.
You are immune to freezing clouds.


Message History

The catoblepas gores you! Something hits you but does no damage.
You are engulfed in calcifying dust.
The worker ant bites you but does no damage.
The catoblepas gores you!
* * * LOW HITPOINT WARNING * * *
Something hits you but does no damage.
You are engulfed in calcifying dust.
The worker ant bites you.
* * * LOW HITPOINT WARNING * * *
The catoblepas gores you.
* * * LOW HITPOINT WARNING * * *
Something hits you.
* * * LOW HITPOINT WARNING * * *
You are engulfed in calcifying dust.
The worker ant bites you.
* * * LOW HITPOINT WARNING * * *
The catoblepas gores you!
* * * LOW HITPOINT WARNING * * *
Something hits you but does no damage.
The worker ant bites you but does no damage.
You are engulfed in calcifying dust.
The catoblepas gores you!!
You die...

#. #####....# #.#
#........# .. #........Y
#.## #....#####
#..#########%...## #
#.......)....... ..
#<.#......###..# ###
##..a.....# #..## #
##@Y.....###?..####
......<.{............. .
#######...........#.####
#......%.........##
#.........#Y.).....#
#.###
...#......##.[.....(.
#.#.
.#########.##a........
#..# ###.##§........
#..# .....#§Y.......


You could see a catoblepas and a worker ant.

Vanquished Creatures
  Erica (D:9)
  Pikel (D:8)
  A wyvern (D:8)
  The ghost of Rationalist the Skirmisher, an amateur DsBe of Trog (D:4)
  A hippogriff (D:8)
  3 orc warriors
  2 ice beasts
  A necrophage (D:9)
  2 black bears (D:7)
  2 ogres
  5 centaurs
  A crocodile (D:8)
  A big kobold (D:7)
  4 giant frogs
  3 scorpions
  6 killer bees (D:6)
  11 wights
  An electric eel (D:7)
  6 howler monkeys (D:8)
  4 crimson imps
  A giant frog zombie (D:6)
  2 hounds
  8 orc priests
  7 orc wizards
  A centaur skeleton (D:8)
  A giant frog skeleton (D:5)
  8 worker ants
  The ghost of Nanban the Chopper, a weakling MiSk (D:3)
  A hound skeleton (D:9)
  Robin (D:2)
  4 gnolls (D:5)
  12 adders
  3 shadow imps
  2 adder zombies
  4 worms
  6 dart slugs
  2 giant geckos
  32 orcs
  4 bats
  3 giant cockroaches
  12 goblins
  11 hobgoblins
  14 jackals
  5 quokkas
  2 ball pythons
  A goblin skeleton (D:5)
  2 goblin zombies (D:5)
  A hobgoblin zombie (D:5)
  A jackal zombie (D:6)
  15 kobolds
  A kobold skeleton (D:5)
  2 kobold zombies (D:5)
  An orc zombie (D:5)
  5 rats
  2 plants (D:7)
235 creatures vanquished.

Vanquished Creatures (others)
  An orc wizard (D:5)
  2 plants (D:7)
3 creatures vanquished.

Grand Total: 238 creatures vanquished

Notes
Turn   | Place    | Note
--------------------------------------------------------------
     0 | D:1      | Scarto the Demonspawn Berserker began the quest for the Orb.
     0 | D:1      | Reached XP level 1. HP: 18/18 MP: 1/1
   329 | D:1      | Gained mutation: Your flesh is cold resistant. [demonic ancestry]
   329 | D:1      | Reached XP level 2. HP: 24/24 MP: 2/2
  1118 | D:2      | Noticed Robin
  1136 | D:2      | Killed Robin
  1136 | D:2      | Gained mutation: You are immune to freezing clouds. [demonic ancestry]
  1136 | D:2      | Reached XP level 3. HP: 12/29 MP: 3/3
  2014 | D:2      | Reached ** piety under Trog
  2055 | D:2      | Found a shadowy altar of Dithmenos.
  2304 | D:2      | Gained mutation: You are partially covered in icy blue scales (AC +1). [demonic ancestry]
  2304 | D:2      | Reached XP level 4. HP: 32/35 MP: 4/4
  3049 | D:3      | Reached *** piety under Trog
  3202 | D:3      | Noticed Nanban's ghost (weakling MiSk)
  3227 | D:3      | Killed Nanban's ghost
  3227 | D:3      | Reached XP level 5. HP: 35/41 MP: 5/5
  3563 | D:3      | Found a blossoming altar of Fedhas.
  3688 | D:4      | Noticed Rationalist's ghost (amateur DsBe)
  3743 | D:4      | Killed Rationalist's ghost
  3743 | D:4      | Reached skill level 4 in Fighting
  3743 | D:4      | Gained mutation: You are mostly covered in icy blue scales (AC +3, EV -1). [demonic ancestry]
  3743 | D:4      | Reached XP level 6. HP: 26/48 MP: 6/6
  4163 | D:4      | Found a glowing silver altar of Zin.
  4401 | D:5      | Entered Level 5 of the Dungeon
  4705 | D:5      | Reached XP level 7. HP: 40/55 MP: 7/7
  4900 | D:5      | Found a glowing golden altar of the Shining One.
  5204 | D:5      | Got an ichor-stained scale mail
  5215 | D:5      | Identified the +5 scale mail of Ipapt {*Corrode MR+ MP+9} (You found it on level 5 of the Dungeon)
  5231 | D:5      | Reached skill level 1 in Maces & Flails
  5275 | D:5      | Found a sacrificial altar of Ru.
  5512 | D:5      | Reached skill level 1 in Shields
  5638 | D:6      | Reached skill level 5 in Fighting
  5704 | D:6      | Gained mutation: When hurt, damage is shared between your health and your magic reserves. [demonic ancestry]
  5704 | D:6      | Reached XP level 8. HP: 60/62 MP: 8/8
  5738 | D:6      | Reached skill level 5 in Axes
  5778 | D:6      | Found a staircase to the Ecumenical Temple.
  6038 | D:6      | Reached **** piety under Trog
  6076 | D:6      | Reached skill level 5 in Armour
  6231 | D:6      | Found a deep blue altar of Sif Muna.
  6309 | D:7      | Reached skill level 5 in Dodging
  6480 | D:7      | Found a blossoming altar of Fedhas.
  6600 | D:7      | You fall through a shaft for 2 floors!
  6612 | D:9      | Reached skill level 6 in Fighting
  6612 | D:9      | Reached XP level 9. HP: 58/69 MP: 9/9
  6650 | D:9      | Noticed Erica
  6751 | D:9      | Killed Erica
  6789 | D:9      | Noticed a catoblepas
  6924 | D:9      | Noticed a merfolk
  7445 | D:8      | Noticed Pikel
  7470 | D:8      | Killed Pikel
  7470 | D:8      | Reached skill level 7 in Fighting
  7470 | D:8      | Reached XP level 10. HP: 54/79 MP: 8/10
  7684 | D:8      | Found a stormy altar of Qazlal.
  8212 | D:7      | Found a bloodstained altar of Trog.
  8325 | D:7      | Found a basalt altar of Yredelemnul.
  8329 | D:7      | Found an oddly glowing altar of Pakellas.
  8334 | D:7      | Found a burning altar of Makhleb.
  8687 | D:9      | Slain by a catoblepas

Skill      XL: |  1  2  3  4  5  6  7  8  9 |
---------------+----------------------------+-----
Armour         | 2 3 4 5 6 |  6.7
Dodging        | 2 3 4 5 6 |  6.8
Axes           | 3 4 5 6 |  6.2
Fighting       | 4 5 6 7 |  7.4
Maces & Flails | 1 2 4 |  4.8
Shields        | 1 2 4 |  4.9

Action                   |  1- 3 |  4- 6 |  7- 9 | 10-12 || total
-------------------------+-------+-------+-------+-------++-------
Melee: Hand axe          |   146 |   310 |    46 |       ||   502
       Flail             |       |       |   515 |       ||   515
       Mace              |       |       |    90 |   169 ||   259
Throw: Tomahawk          |       |       |     4 |       ||     4
Invok: Berserk           |     1 |     5 |     7 |     3 ||    16
       Trog's Hand       |       |     5 |     7 |     2 ||    14
       Burn Spellbooks   |       |       |     1 |       ||     1
  Use: Scroll            |       |    11 |     5 |     1 ||    17
       Potion            |       |       |     1 |       ||     1
  Eat: Chunk             |     1 |     9 |     7 |     2 ||    19
       Bread ration      |     1 |     1 |     4 |       ||     6
       Beef jerky        |       |       |       |     1 ||     1
Armor: Chain mail        |    90 |   195 |   116 |       ||   401
       Animal skin       |     1 |       |       |       ||     1
       Scale mail        |       |       |   349 |   141 ||   490
Dodge: Dodged            |    51 |   106 |   394 |   150 ||   701
Block: Buckler           |       |     8 |   133 |    40 ||   181
